 Dungeon Crawl Stone Soup version 0.29-a0-914-g906f1d757c (webtiles) character file.

Game seed: 4977877213198017527

114 Alarak the Conjurer (level 4, -19/24 HPs)
             Began as a Deep Elf Conjurer on July 27, 2022.
             Was a Believer of Elyvilon.
             Demolished by an ogre
             ... wielding a +0 giant club
              (28 damage)
             ... on level 3 of the Dungeon.
             The game lasted 00:08:08 (2119 turns).

Alarak the Conjurer (Deep Elf Conjurer)             Turns: 2119, Time: 00:08:10

Health: -19/24     AC:  3    Str:  4    XL:     4   Next: 66%
Magic:  6/13       EV: 12    Int: 25    God:    Elyvilon [**....]
Gold:   101        SH:  0    Dex: 13    Spells: 10/13 levels left

rFire   . . .      SeeInvis .   g - staff of conjuration
rCold   . . .      Faith    .   (no shield)
rNeg    . . .      Spirit   .   a - +0 robe
rPois   .          Reflect  .   (no helmet)
rElec   .          Harm     .   k - scarf {+Inv}
rCorr   .          Rampage  .   (no gloves)
Will    .....                   p - +0 pair of boots
Stlth   ++........              (no amulet)
HPRegen 0.08/turn               (no ring)
MPRegen 0.13/turn               (no ring)

@: no status effects
A: no striking features
a: Renounce Religion, Evoke Invisibility, Purification, Heal Other


You were on level 3 of the Dungeon.
You worshipped Elyvilon.
Elyvilon was pleased with you.
You visited 1 branch of the dungeon, and saw 3 of its levels.

You collected 101 gold pieces.

Inventory:

Hand Weapons
 j - a +0 whip
Armour
 a - a +0 robe (worn)
 k - a scarf of invisibility (worn)
 m - a +0 cloak
 p - a +0 pair of boots (worn)
Magical Staves
 g - a staff of conjuration (weapon)
Jewellery
 i - an amulet of regeneration
Scrolls
 c - a scroll of identify
 l - a scroll of immolation
Potions
 e - 3 potions of curing
 f - a potion of might {unknown}
 h - 2 potions of cancellation {unknown}
 n - a potion of lignification {unknown}


   Skills:
 - Level 2.4 Dodging
 - Level 2.4 Stealth
 - Level 5.0 Spellcasting
 + Level 5.8 Conjurations


You had 10 spell levels left.
You knew the following spells:

 Your Spells              Type           Power      Damage    Failure   Level
a - Magic Dart            Conj           100%       1d8       1%          1
b - Static Discharge      Conj/Air       31%        3-7/arc   3%          2

Your spell library contained the following spells:

 Spells                   Type           Power      Damage    Failure   Level
 Searing Ray              Conj           100%       2d8       1%          2
 Dazzling Flash           Conj/Hex       62%        N/A       8%          3
 Fulminant Prism          Conj/Hex       15%        3d11      26%         4
 Iskenderun's Mystic Bla  Conj/Tloc      31%        2d8       26%         4
 Lightning Bolt           Conj/Air       15%        1d29      56%         5
 Maxwell's Capacitive Co  Air            3%         ∞         100%        8


Dungeon Overview and Level Annotations

Branches:
Dungeon (3/15)

Altars:
Elyvilon

Shops:
D:1 [[!


Message History

The lightning grounds out.
The kobold shouts!
The orc shouts!
The ogre barely misses you.
The orc priest casts a cantrip, but nothing happens.
You feel better. The ogre barely misses you.
Casting: Static Discharge (safe; 3% risk of failure)
Confirm with . or Enter, or press ? or * to list all spells.
You feel a surge of power!
The ogre is struck by an arc of lightning.
The ogre is severely wounded.
You are struck by an arc of lightning.
The lightning grounds out.
The orc barely misses you.
Casting: Static Discharge (safe; 3% risk of failure)
Confirm with . or Enter, or press ? or * to list all spells.
You feel a surge of power!
The orc is struck by an arc of lightning!
You kill the orc!
The orc is struck by an arc of lightning!
You kill the orc!
The orc priest is struck by an arc of lightning!
The orc priest is heavily wounded.
The lightning grounds out.
The ogre is struck by an arc of lightning.
The ogre is severely wounded.
You are struck by an arc of lightning.
The lightning grounds out.
The ogre closely misses you. The orc priest barely misses you.
Casting: Static Discharge (safe; 3% risk of failure)
Confirm with . or Enter, or press ? or * to list all spells.
You feel a surge of power!
The kobold is struck by an arc of lightning!
You kill the kobold!
The orc priest is struck by an arc of lightning!
You kill the orc priest!
You are struck by an arc of lightning.
The ogre is struck by an arc of lightning.
The ogre is almost dead.
The lightning grounds out.
The ogre hits you with a +0 giant club!!
Ouch! That really hurt!
You die...

####..........
##.............
##..............
#.......##..#...
#...$...........
#.......###..<..
##......# ....
##.O...##
#..@....#
#..))...#
#..)....#
##.....##
#.......
#.>.....#
#.......#
#....$...


You could see an ogre.

Vanquished Creatures
  An orc priest (D:3)
  A gnoll (D:3)
  4 adders
  A dart slug (D:3)
  8 orcs (D:3)
  3 endoplasms
  3 giant cockroaches
  9 goblins
  4 hobgoblins
  2 quokkas (D:1)
  5 ball pythons
  5 bats
  2 frilled lizards
  7 kobolds
  3 rats
58 creatures vanquished.

Notes
Turn   | Place    | Note
-------+----------+-------------------------------------------
     0 | D:1      | Alarak the Deep Elf Conjurer began the quest for the Orb.
     0 | D:1      | Reached XP level 1. HP: 10/10 MP: 6/6
   238 | D:1      | Reached XP level 2. HP: 15/15 MP: 2/9
   381 | D:1      | Found Xaongido's Antique Armour Shop.
   397 | D:1      | Found Giqiuj's Armour Shoppe.
   429 | D:1      | Found a faded altar of an unknown god.
   777 | D:1      | Reached XP level 3. HP: 19/19 MP: 9/11
   844 | D:1      | Found Nuikidgh's Distillery.
  1005 | D:1      | Reached skill level 5 in Spellcasting
  1097 | D:1      | Prayed at the altar of an unknown god.
  1097 | D:1      | Became a worshipper of Elyvilon the Healer
  1097 | D:1      | Reached * piety under Elyvilon
  1235 | D:2      | Learned a level 2 spell: Static Discharge
  1431 | D:2      | Reached skill level 5 in Conjurations
  1648 | D:2      | Reached ** piety under Elyvilon
  1881 | D:3      | Reached XP level 4. HP: 22/24 MP: 9/13
  1959 | D:3      | HP: 1/24 [poisoned by an adder]
  2092 | D:3      | Elyvilon protects you from harm!
  2098 | D:3      | Noticed an ogre
  2099 | D:3      | Identified a scroll of acquirement
  2099 | D:3      | Acquired a staff of conjuration
  2119 | D:3      | Demolished by an ogre

Illustrated notes

Levels and vault maps discovered:
D:1:      zaba_arrival_water, layout_loops_ring,
          shapermc_ecumenical_altar_starsandcircs, serial_shops,
          nicolae_shop_waterfront, shop, shop, grunt_decor_resistance
D:2:      minmay_spotlight, layout_basic, minmay_misc_feat_nine_boxes,
          minmay_misc_feat_roman
D:3:      wad_pebble_path, layout_rooms, minmay_misc_feat_iff

Skill      XL: |  1  2  3 |
---------------+----------+-----
Spellcasting   | 4 5 |  5.0
Conjurations   | 5 |  5.8
Dodging        | |  2.4
Stealth        | |  2.4

Action                   |  1- 3 |  4- 6 || total
-------------------------+-------+-------++-------
Melee: Whip              |       |     4 ||     4
 Cast: Magic Dart        |    65 |    12 ||    77
       Static Discharge  |     3 |    10 ||    13
  Use: Scroll            |       |     7 ||     7
       Potion            |       |     3 ||     3
Armor: Robe              |     1 |     3 ||     4
Dodge: Dodged            |     1 |    13 ||    14

Table legend: (Time is in decaauts)
 A = Elapsed time spent in this place.
 B = Non-inter-level travel time spent in this place.
 C = Inter-level travel time spent in this place.
 D = Time resting spent in this place.
 E = Time spent auto-exploring this place.
 F = Levels seen in this place.
 G = Mean time per level.
                   A        B        C        D        E       F      G
               +--------+--------+--------+--------+--------+-----+--------+
         Total |   2125 |   1989 |    136 |    129 |   1621 |   3 |  708.3 |
       Dungeon |   2125 |   1989 |    136 |    129 |   1621 |   3 |  708.3 |
               +--------+--------+--------+--------+--------+-----+--------+

Top non-repeatable levels by time:
     D:1: 1124 daAuts
     D:2: 736 daAuts
     D:3: 263 daAuts
